 Dungeon Crawl Stone Soup version 0.31-a0-609-g7bf6ffcfed (webtiles) character file.

Game seed: 11726944832988173664

15 subawu the Vexing (level 2, 0/22 HPs)
             Began as a Barachi Hexslinger on Aug 21, 2023.
             Slain by a bat (1 damage)
             ... on level 1 of the Dungeon.
             The game lasted 00:02:42 (524 turns).

subawu the Vexing (Barachi Hexslinger)               Turns: 524, Time: 00:02:43

Health: 0/22       AC:  2    Str:  9    XL:     2   Next: 50%
Magic:  4/4        EV: 12    Int: 13    God:
Gold:   20         SH:  0    Dex: 14    Spells: 2/3 levels left

rFire   . . .        a - +1 sling
rCold   . . .        (no shield)
rNeg    . . .        c - +0 robe
rPois   .            (no helmet)
rElec   .            (no cloak)
rCorr   .            (no gloves)
SInv    .            (no boots)
Will    .....        (no amulet)
Stlth   +            (no ring)
HPRegen 0.23/turn    (no ring)
MPRegen 0.09/turn

%: no passive effects
@: slow
A: amphibious, slowness 1, strong legs 1, +LOS
a: Hop


You were on level 1 of the Dungeon.
You visited 1 branch of the dungeon, and saw 1 of its levels.

You collected 20 gold pieces.

Inventory:

Hand Weapons
 a - a +1 sling (weapon)
 e - a +0 short sword
 g - a +0 short sword
Missiles
 h - 3 stones
 j - 5 poisoned darts
Armour
 c - a +0 robe (worn)
 d - a +0 robe
Potions
 i - a potion of experience {unknown}


   Skills:
 + Level 1.6 Fighting
 + Level 2.2 Ranged Weapons
 + Level 2.4 Dodging
 + Level 1.4 Spellcasting
 + Level 3.4 Hexes


You had 2 spell levels left.
You knew the following spells:

 Your Spells              Type           Power      Damage    Failure   Level
a - Slow                  Hex            36%        N/A       6%          1

Your spell library contained the following spells:

 Spells                   Type           Power      Damage    Failure   Level
 Inner Flame              Hex/Fire       5%         N/A       36%         3
 Portal Projectile        Hex/Tloc       10%        N/A       36%         3
 Cause Fear               Hex            4%         N/A       54%         4


Dungeon Overview and Level Annotations

Branches:
Dungeon (1/15)

Altars:

Shops:
D:1 (


Innate Abilities, Weirdness & Mutations

You are amphibious.
You cover ground slowly.
You can hop short distances.
You have an extended range of vision and can be seen from far away.


Message History

Casting: Slow (safe; 7% risk of failure)
Confirm with . or Enter, or press ? or * to list all spells.
Aiming: Slow (safe; 7% risk of failure)
Press: ? - help, Shift-Dir - straight line, f - goblin
Aim: a goblin, wielding a +0 club (chance to affect: 61%)
The goblin seems to slow down.
The bat closely misses you. The goblin hits you with a +0 club.
* * * LOW HITPOINT WARNING * * *
You shoot a sling bullet.
The sling bullet hits the giant cockroach.
The giant cockroach is almost dead.
The bat barely misses you. The giant cockroach misses you.
The giant cockroach closely misses you.
You shoot a sling bullet.
The sling bullet hits the giant cockroach.
You kill the giant cockroach!
The bat hits you.
* * * LOW HITPOINT WARNING * * *
The goblin closely misses you. The bat barely misses you.
The goblin barely misses you.
You see here a giant cockroach corpse.
You shoot a sling bullet. The sling bullet barely misses the bat.
The bat hits you but does no damage. x2; The goblin barely misses you.
The bat hits you.
* * * LOW HITPOINT WARNING * * *
The bat misses you.
You see here a beast talisman.
You shoot a sling bullet.
The sling bullet barely misses the goblin.
The bat misses you. The goblin hits you with a +0 club.
* * * LOW HITPOINT WARNING * * *
You shoot a sling bullet.
The sling bullet closely misses the goblin.
The bat completely misses you. The goblin hits you with a +0 club.
* * * LOW HITPOINT WARNING * * *
The bat hits you but does no damage.
You shoot a sling bullet.
The sling bullet barely misses the goblin.
The bat hits you.
You die...

# ### #.## #.. #........
#.######## #........
#........# #........
#........#
#.........#........#
######.........#b.......##
....B...........@g........
..####..#.##...#........##
#..###..#.##...#........#
##......#.##...#.)......#
#####.........#........#
#.......#.#.########
######.......# #.#
....##...#.#.#.#.#
.†.............#.#


You could see a goblin (slow) and a bat.

Vanquished Creatures
  A bat (D:1)
  2 endoplasms (D:1)
  3 giant cockroaches (D:1)
  3 hobgoblins (D:1)
  2 ball pythons (D:1)
  2 kobolds (D:1)
13 creatures vanquished.

Notes
Turn   | Place    | Note
-------+----------+-------------------------------------------
     0 | D:1      | subawu the Barachi Hexslinger began the quest for the Orb.
     0 | D:1      | Reached XP level 1. HP: 15/15 MP: 2/2
    77 | D:1      | Found Ruip's Antique Weapon Shoppe.
   178 | D:1      | Reached XP level 2. HP: 21/21 MP: 1/3
   523 | D:1      | HP: 1/22 [goblin/+0 club (1)]
   524 | D:1      | Slain by a bat

Illustrated notes

Levels and vault maps discovered:
D:1:      amcnicky_arrival_double_pillar, layout_basic, serial_shops, shop,
          chequers_arboretum

Action                     || total
---------------------------++-------
   Fire: Sling             ||    44
   Cast: Slow              ||     8
    Use: Scroll            ||     2
 Armour: Robe              ||    33
  Dodge: Dodged            ||    95

Table legend: (Time is in decaauts)
 A = Elapsed time spent in this place.
 B = Non-inter-level travel time spent in this place.
 C = Inter-level travel time spent in this place.
 D = Time resting spent in this place.
 E = Time spent auto-exploring this place.
 F = Levels seen in this place.
 G = Mean time per level.
                   A        B        C        D        E       F      G
               +--------+--------+--------+--------+--------+-----+--------+
         Total |    617 |    483 |    134 |     54 |      0 |   1 |  617.0 |
       Dungeon |    617 |    483 |    134 |     54 |      0 |   1 |  617.0 |
               +--------+--------+--------+--------+--------+-----+--------+

Top non-repeatable levels by time:
     D:1: 617 daAuts
